 Dungeon Crawl Stone Soup version 0.28.0-45-g0d030f2227 (webtiles) character file.

Game seed: 2880187922228573462

27 Bruhh the Magician (level 3, 26/30 HPs)
             Began as a Djinni Cinder Acolyte on Apr 24, 2022.
             Was a High Priest of Ignis.
             Quit the game on level 1 of the Dungeon.
             The game lasted 00:01:20 (1005 turns).

Bruhh the Magician (Djinni Cinder Acolyte)          Turns: 1005, Time: 00:01:21

Health: 26/30      AC:  2    Str: 13    XL:     3   Next: 25%
Gold:   78         EV: 11    Int: 17    God:    Ignis [*****.] SH:  0 Dex:  8

rFire   + + +      SeeInvis .     - Unarmed
rCold   x . .      Faith    .   (no shield)
rNeg    . . .      Spirit   .   a - +0 robe
rPois   ∞          Reflect  .   (no helmet)
rElec   .          Harm     .   (no cloak)
rCorr   .          Rampage  .   (no gloves)
Will    .....                   (boots unavailable)
Stlth   +.........              (no amulet)
HPRegen 0.10/turn               (no ring)
MPRegen 0.00/turn               (no ring)

@: flying
A: sickness immunity, fire resistance 2, cold vulnerability 1, float, innate
caster, HP casting, extra vitality 1
a: Renounce Religion, Fiery Armour, Foxfire Swarm, Rising Flame


You were on level 1 of the Dungeon.
You worshipped Ignis.
Ignis was extremely pleased with you.
You visited 1 branch of the dungeon, and saw 1 of its levels.

You collected 78 gold pieces.

Inventory:

Armour
 a - a +0 robe (worn)
Scrolls
 b - 2 scrolls of identify {unknown}
Potions
 c - a potion of heal wounds {unknown}


   Skills:
 - Level 3.0 Fighting
 - Level 3.0 Unarmed Combat
 * Level 3.3 Spellcasting


You had 5 spell levels left.
You knew the following spells:

 Your Spells              Type           Power      Damage    Failure   Level
a - Scorch                Fire           28%        2d6       7%          2
b - Apportation           Tloc           28%        N/A       4%          1
Your spell library was empty.

Dungeon Overview and Level Annotations

Branches:
Dungeon (1/15)

Altars:


Innate Abilities, Weirdness & Mutations

You are immune to sickness and miasma.
You are immune to poison.
Your flesh is very heat resistant. (rF++)
You are vulnerable to cold. (rC-)
You float through the air rather than walking.
You learn spells naturally, not from books.
Your magical power is your life essence.
You have superior vitality. (+4 MHP)


Message History

There is an open door here.
You reach down and open the door.
There is an open door here.
There is a faded altar of an unknown god here.
You reach down and open the door.
There is an open door here.
b - 2 scrolls labelled BIUNWU PASHRUGU (gained 1)
You reach down and open the door.
There is an open door here.
A giant cockroach comes into view.
A giant cockroach is nearby!
A giant cockroach is nearby!
A giant cockroach is nearby!
Flames lash the giant cockroach.
The giant cockroach is severely wounded.
The giant cockroach's fire resistance burns away.
Flames lash the giant cockroach.
The giant cockroach is burned terribly!
You kill the giant cockroach!
You hear an angry hiss.
A dart slug comes into view.
A dart slug is nearby!
A dart slug is nearby!
Flames lash the dart slug.
The dart slug is heavily wounded.
The dart slug's fire resistance burns away.
Flames lash the dart slug.
The dart slug is burned terribly!
You kill the dart slug!
You can't see any susceptible monsters within range! (Use Z to cast anyway.)
You now have 78 gold pieces (gained 13).
Found a leather armour.
You see here a +0 leather armour.
A quokka comes into view.
A quokka is nearby!
A quokka is nearby!
A quokka is nearby!
The quokka bites you.
Flames lash the quokka.
You kill the quokka!
You can't see any susceptible monsters within range! (Use Z to cast anyway.) Are you sure you want to abandon this character and quit the game? (Confirm with "yes".)

######## #...†@.##
#### #.####..#
###....
#.#####.###... #.#
#.# #........##.#
#.#
#...####..........#
#.# # ####.#...
#.####...[.## #.#
### .........##.#
##..#..###.###..
..........#.#
##.##.##..#....
........#...#
#.##.##.#..###


There were no monsters in sight!

Vanquished Creatures
  A dart slug (D:1)
  2 endoplasms (D:1)
  2 giant cockroaches (D:1)
  A goblin (D:1)
  2 hobgoblins (D:1)
  2 kobolds (D:1)
  2 quokkas (D:1)
  2 ball pythons (D:1)
  3 bats (D:1)
  2 frilled lizards (D:1)
  3 rats (D:1)
22 creatures vanquished.

Notes
Turn   | Place    | Note
-------+----------+-------------------------------------------
     0 | D:1      | Bruhh the Djinni Cinder Acolyte began the quest for the
                  | Orb.
     0 | D:1      | Reached XP level 1. HP: 20/20 MP: 0/0
   161 | D:1      | Reached XP level 2. HP: 25/25 MP: 0/0
   747 | D:1      | Reached XP level 3. HP: 28/30 MP: 0/0
   747 | D:1      | Learned a level 1 spell: Apportation
   816 | D:1      | Found a faded altar of an unknown god.
  1005 | D:1      | Quit the game

Illustrated notes

Levels and vault maps discovered:
D:1:      lightli_arrival_chessboard, layout_rooms,
          shapermc_ecumenical_altar_ellora

Skill      XL: |  1  2 |
---------------+-------+-----
Spellcasting   | 3 |  3.3
Fighting       | |  3.0
Unarmed Combat | |  3.0

Action                   || total
-------------------------++-------
Melee: Unarmed           ||    24
       Punch             ||     1
 Cast: Scorch            ||    20
Armor: Robe              ||     5
Dodge: Dodged            ||    12
